 Dungeon Crawl Stone Soup version 0.19.4-8-ga85b6b9 (console) character file.

93 Grinner the Sneak (level 4, -1/23 HPs)
             Began as a Spriggan Monk on Feb 15, 2017.
             Slain by Natasha (6 damage)
             ... on level 2 of the Dungeon.
             The game lasted 00:02:49 (1944 turns).

Grinner the Sneak (Spriggan Monk)                   Turns: 1944, Time: 00:02:50

Health: -1/23      AC:  2    Str:  7    XL:     4   Next: 37%
Magic:  5/5        EV: 20    Int:  6    God:
Gold:   46         SH:  0    Dex: 18    Spells: 0 memorised, 3 levels left

rFire  . . .     SeeInvis +     a - +0 short sword
rCold  . . .     Gourm    .     b - +0 robe
rNeg   . . .     Faith    .     (shield restricted)
rPois  .         Spirit   .     (helmet restricted)
rElec  .         Reflect  .     (no cloak)
rCorr  .         Harm     .     (gloves unavailable)
MR     .....                    (boots unavailable)
Stlth  +++.......               (no amulet)
                                (no ring)
                                j - -6 ring of intelligence (curse)

@: slowed, quick
A: unfitting armour, see invisible, herbivore 3, speed 3, slow metabolism 2
a: no special abilities


You were on level 2 of the Dungeon.
You were not hungry.

You visited 1 branch of the dungeon, and saw 2 of its levels.

You collected 46 gold pieces.

Inventory:

Hand Weapons
 a - a +0 short sword (weapon)
Armour
 b - a +0 robe (worn)
Jewellery
 j - a cursed -6 ring of intelligence (left hand)
Potions
 d - a potion of brilliance {unknown}
 e - a potion of agility
 g - a potion of lignification
 i - 2 potions of mutation {unknown}
Comestibles
 c - 4 bread rations


   Skills:
 - Level 2.4 Fighting
 + Level 4.4 Short Blades
 - Level 4.4 Dodging
 * Level 5.8 Stealth


You had 3 spell levels left.
You didn't know any spells.

Dungeon Overview and Level Annotations

Branches:
Dungeon (2/15)

Altars:

Annotations:
D:2 Natasha


Innate Abilities, Weirdness & Mutations

You are very small and have problems with some larger weapons.
You are too small for most types of armour.
You have supernaturally acute eyesight. (SInv)
You are a herbivore.
You cover ground extremely quickly.
You need consume almost no food.


Message History

Natasha stares at you and mumbles some strange words.
You easily resist.
You hit Natasha but do no damage.
Natasha is lightly wounded.
Natasha zaps a wand.
You easily resist.
You hit Natasha but do no damage.
Natasha is lightly wounded.
Natasha claws you!
* * * LOW HITPOINT WARNING * * *
You are too injured to fight recklessly!
You are too injured to fight recklessly!
You are too injured to fight recklessly!
You are too injured to fight recklessly!
You hit Natasha.
Natasha is heavily wounded.
Natasha completely misses you.
You hit Natasha but do no damage.
Natasha is heavily wounded.
Natasha zaps a wand.
You easily resist.
Natasha claws you.
You die...

###........##.##.#
#########......<.##.##########
####.......#........##...........
...........#........##..#####.##.
...........#........##......#...<
.........>.#........###.###.#####
...........#....#.#####...#.#...#
...........#.####h.>.####.#.....#
....#'######.#..@.........#######
#.....###....#...................
#.........#######....############
#.........####..(.#...#
#.........##..........#
#####h...###..........#
.........# #..........#
......#'## #.........## ......#.#
#########.#


You could see Natasha.

Vanquished Creatures
  Natasha (twice) (D:2)
  A gnoll (D:1)
  2 leopard geckos
  A ball python (D:1)
  6 bats (D:1)
  2 giant cockroaches (D:2)
  6 goblins
  3 hobgoblins
  A quokka (D:2)
  4 frilled lizards
  3 kobolds
  5 rats
36 creatures vanquished.

Notes
Turn   | Place    | Note
-------+----------+-------------------------------------------
     0 | D:1      | Grinner the Spriggan Monk began the quest for the Orb.
     0 | D:1      | Reached XP level 1. HP: 11/11 MP: 2/2
    87 | D:1      | Reached XP level 2. HP: 15/16 MP: 3/3
   110 | D:1      | Reached skill level 4 in Stealth
   584 | D:1      | Reached XP level 3. HP: 8/19 MP: 4/4
  1476 | D:2      | Noticed Natasha
  1487 | D:2      | Killed Natasha
  1487 | D:2      | Reached skill level 5 in Stealth
  1714 | D:2      | Reached XP level 4. HP: 20/23 MP: 5/5
  1881 | D:2      | Noticed Natasha
  1907 | D:2      | Killed Natasha
  1913 | D:2      | Noticed Natasha
  1944 | D:2      | Slain by Natasha

Skill      XL: |  1  2  3 |
---------------+----------+-----
Stealth        | 4 5 |  5.8
Short Blades   | 4 |  4.4
Fighting       | |  2.4
Dodging        | |  4.4

Action                   |  1- 3 |  4- 6 || total
-------------------------+-------+-------++-------
Melee: Short sword       |   110 |    28 ||   138
  Use: Scroll            |     4 |       ||     4
 Stab: Sleeping          |     5 |       ||     5
Armor: Robe              |     6 |     1 ||     7
Dodge: Dodged            |   122 |    17 ||   139
